 Dungeon Crawl Stone Soup version 0.30-a0-782-ge64f9170bb (webtiles) character file.

Game seed: 15046706950013484800

5051 Anon1729 the Martial Artist (level 11, -7/73 (89) HPs)
             Began as a Meteoran Monk on Feb 21, 2023.
             Was an Elder of Fedhas.
             Killed by an exploding orc (39 damage)
             ... ignited by their inner flame
             ... on level 10 of the Dungeon.
             The game lasted 00:25:31 (5200 turns).

Anon1729 the Martial Artist (Meteoran Monk)         Turns: 5200, Time: 00:25:32

HP:   -7/73 (89)    AC:  7    Str: 12    XL:     11   Next: 10%
MP:   18/18         EV: 15    Int: 22    God:    Fedhas [****..]
Gold: 490           SH:  0    Dex: 18    Spells: 9/18 levels left

rFire   . . .      SeeInvis .      - Unarmed
rCold   . . .      Faith    +    (no shield)
rNeg    . . .      Spirit   .    t - +3 leather armour
rPois   .          Reflect  .    u - +0 helmet
rElec   .          Harm     .    (no cloak)
rCorr   .          Rampage  .    (no gloves)
Will    +....                    (no boots)
Stlth   +                        o - amulet of faith
HPRegen 0.32/turn                n - +6 ring of intelligence
MPRegen 0.16/turn                h - +4 ring of slaying

@: lethally poisoned (-7 -> -10), glowing, studying Stealth, heavily drained
A: sense surroundings 2, otherworldly, glowing, explore regen
a: Renounce Religion, Wall of Briars, Grow Ballistomycete, Overgrow


You were on level 10 of the Dungeon.
You worshipped Fedhas.
Fedhas was greatly pleased with you.
You visited 2 branches of the dungeon, and saw 11 of its levels.

You collected 490 gold pieces.

Inventory:

Missiles
 g - a curare-tipped dart
 m - a throwing net (quivered)
Armour
 a - a +0 robe
 j - a +0 scale mail
 t - a +3 leather armour (worn)
 u - a +0 helmet (worn)
Jewellery
 f - a ring of wizardry
 h - a +4 ring of slaying (right hand)
 l - a ring of wizardry
 n - a +6 ring of intelligence (left hand)
 o - an amulet of faith (around neck)
 p - a +6 ring of intelligence
 s - a ring of positive energy
Wands
 d - a wand of iceblast (1)
 r - a wand of charming (3)
Scrolls
 c - 3 scrolls of identify
 i - a scroll of fear
 q - a scroll of vulnerability {unknown}
 v - 2 scrolls of enchant weapon
 x - a scroll of poison {unknown}
Potions
 b - a potion of heal wounds
 w - a potion of invisibility {unknown}
 z - a potion of flight
Miscellaneous
 k - a phantom mirror (inert)


   Skills:
 + Level 6.1 Fighting
 + Level 4.9 Armour
 + Level 6.7 Dodging
 + Level 5.1 Stealth
 * Level 9.0 Unarmed Combat
 + Level 4.3 Spellcasting
 - Level 3.0 Necromancy
 * Level 1.8 Fire Magic
 + Level 6.3 Air Magic
 + Level 4.7 Poison Magic
 * Level 6.5 Invocations


You had 9 spell levels left.
You knew the following spells:

 Your Spells              Type           Power      Damage    Failure   Level
a - Cigotuvi's Dreadful   Necr/Pois/Air  50%        N/A       3%          2
b - Ignite Poison         Fire/Tmut/Pois 14%        N/A       17%         3
c - Sticky Flame          Conj/Fire      8%         2d3       67%         4

Your spell library contained the following spells:

 Spells                   Type           Power      Damage    Failure   Level
 Dispel Undead            Necr           17%        3d10      36%         4
 Death Channel            Necr           8%         N/A       99%         6
 Ignition                 Fire           6%         3d4       100%        8


Dungeon Overview and Level Annotations

Branches:
Dungeon (10/15) Zot: 941   Temple (1/1) D:6 Zot: 519     Orc (0/2) D:10
   Lair: D:8-11

Altars:
Cheibriados
Dithmenos
Elyvilon
Fedhas
Kikubaaqudgha
Makhleb
Nemelex Xobeh
Okawaru
Qazlal
Sif Muna
Trog
Uskayaw
Vehumet
Wu Jian
Xom
Yredelemnul

Shops:
D:6 [

Annotations:
D:4 exclusion: downstairs
D:5 Menkaure
D:6 5 runed translucent doors, Crazy Yiuf, Joseph
D:7 3 runed translucent doors, Notanamesir's ghost, novice DjGl


Innate Abilities, Weirdness & Mutations

You passively map the area around you.
You are easily found by Zot.
You glow in the dark.
You regain HP and MP as you explore.


Message History

The killer bee stings you but does no damage.
The killer bee attacks as you move away!
The killer bee stings you.
You are poisoned.
The killer bee poisons you!
An orc comes into view. It is wielding a +0 flail.
Found a staircase to the Orcish Mines.
You feel very sick.
An orc comes into view. It is wielding a +0 dagger.
Really read the scroll of immolation?
As you read the scroll of immolation, it crumbles to dust.
The creatures around you are filled with an inner flame!
You feel sick. The killer bee stings you. The killer bee closely misses you. x2
The killer bee stings you. The orc misses you.
You hit the killer bee.
Flame seeps out of the killer bee.
The killer bee is moderately wounded.
You feel sick.
The killer bee is engulfed in blazing flames.
Flame seeps out of the killer bee.
The killer bee stings you. The killer bee barely misses you.
The orc misses you.
The killer bee is engulfed in blazing flames.
Flame seeps out of the killer bee.
The killer bee stings you but does no damage.
The killer bee closely misses you. 2 orcs come into view.
You feel sick.
The killer bee stings you but does no damage.
The killer bee is engulfed in blazing flames.
Fedhas appreciates your contribution to the ecosystem.
The killer bee explodes!
The fiery explosion engulfs the killer bee!!
Fedhas appreciates your contribution to the ecosystem.
The killer bee explodes!
The fiery explosion engulfs you!!
The fiery explosion engulfs the orc!
Fedhas appreciates your contribution to the ecosystem.
The orc explodes!
The fiery explosion engulfs you!!!
Ouch! That really hurt!
You die...
Fedhas appreciates your contribution to the ecosystem.

.................####
.................#
.................# ##
................# *
#..,................# *
* ,....####............#
,
o8.....#............####
,,
o......#yo..............
, ,
....o.§@#.#######.......
8 ,,.>....8§§○# #.......
...o..§§### #....... *,
,,.......## #.......
.8..... #....... ,, *
*,....### *
######....... , ...., ,
.............. ,,* ### *
..............
.#############


You could see a killer bee and 5 orcs.

Vanquished Creatures
  A two-headed ogre (D:9)
  A cyclops (D:7)
  A troll (D:10)
  A wyvern (D:8)
  Duvessa (D:4)
  3 orc warriors
  3 sky beasts
  2 ice beasts
  An ogre (D:7)
  3 centaurs
  A phantom (D:6)
  3 kobold brigands
  3 bullfrogs
  A gnoll sergeant (D:6)
  A scorpion (D:7)
  2 wyvern zombies (D:6)
  3 necrophages
  Dowan (D:4)
  10 killer bees
  3 howler monkeys (D:9)
  3 centaur zombies (D:6)
  2 bullfrog zombies (D:6)
  A jelly (D:7)
  5 orc priests
  6 hounds
  A human zombie (D:6)
  An iguana (D:4)
  A gnoll bouda (D:7)
  Natasha (D:2)
  7 orc wizards
  A howler monkey zombie (D:6)
  3 mummies (D:6)
  6 gnolls
  8 adders
  2 white imps (D:6)
  2 dart slugs (D:3)
  21 orcs
  4 ball pythons
  3 bats
  6 endoplasms
  3 giant cockroaches (D:2)
  4 goblins
  10 hobgoblins
  12 kobolds
  A quokka (D:5)
  3 frilled lizards (D:1)
  2 rats
164 creatures vanquished.

Vanquished Creatures (collateral kills)
  An orc priest (D:9)
  2 orcs
  7 ballistomycete spores
10 creatures vanquished.

Vanquished Creatures (others)
  An orc wizard (D:5)
  A gnoll (D:6)
  14 plants
16 creatures vanquished.

Grand Total: 190 creatures vanquished

Notes
Turn   | Place    | Note
-------+----------+-------------------------------------------
     0 | D:1      | Anon1729 the Meteoran Monk began the quest for the Orb.
     0 | D:1      | Reached XP level 1. HP: 19/19 MP: 2/2
   122 | D:2      | Reached XP level 2. HP: 17/26 MP: 3/3
   126 | D:2      | Reached XP level 3. HP: 21/31 MP: 4/4
   208 | D:1      | Reached skill level 4 in Unarmed Combat
   504 | D:2      | Reached XP level 4. HP: 40/40 MP: 5/5
   629 | D:2      | Noticed Natasha
   652 | D:2      | Killed Natasha
   798 | D:3      | Reached XP level 5. HP: 40/46 MP: 6/6
   804 | D:3      | Found a shimmering altar of Xom.
   853 | D:3      | Reached skill level 1 in Armour
  1066 | D:3      | Found a faded altar of an unknown god.
  1128 | D:4      | Noticed Duvessa
  1128 | D:4      | Noticed Dowan
  1169 | D:4      | Killed Duvessa
  1170 | D:4      | Reached skill level 5 in Unarmed Combat
  1170 | D:4      | Reached XP level 6. HP: 38/53 MP: 7/7
  1175 | D:4      | Killed Dowan
  1310 | D:5      | Entered Level 5 of the Dungeon
  1344 | D:5      | Learned a level 2 spell: Cigotuvi's Dreadful Rot
  1369 | D:5      | Reached XP level 7. HP: 42/60 MP: 8/8
  1433 | D:6      | Found a staircase to the Ecumenical Temple.
  1521 | D:6      | Reached skill level 1 in Air Magic
  1527 | D:6      | Reached skill level 5 in Dodging
  1536 | Temple   | Entered the Ecumenical Temple
  1599 | Temple   | Became a worshipper of Fedhas Madash
  1599 | Temple   | Reached * piety under Fedhas
  1599 | Temple   | Reached ** piety under Fedhas
  1637 | D:6      | Found Guloot's Armour Shoppe.
  1649 | D:6      | Reached skill level 1 in Poison Magic
  1687 | D:6      | Reached skill level 1 in Spellcasting
  1690 | D:6      | Found a sparkling altar of Nemelex Xobeh.
  1769 | D:6      | Reached skill level 6 in Unarmed Combat
  1769 | D:6      | Reached XP level 8. HP: 28/67 MP: 10/10
  1775 | D:5      | Noticed a two-headed ogre
  1837 | D:5      | Noticed Menkaure
  2273 | D:4      | Reached skill level 1 in Invocations
  2580 | D:6      | Found a runed translucent door.
  2581 | D:6      | Noticed Crazy Yiuf
  2597 | D:6      | Found a hide-covered altar of Uskayaw.
  2673 | D:6      | Found a stormy altar of Qazlal.
  2825 | D:6      | Reached skill level 1 in Necromancy
  2852 | D:6      | Found a large runed translucent door.
  2852 | D:6      | Found a large runed translucent door.
  2865 | D:6      | Noticed a vampire
  2921 | D:6      | Noticed a troll
  2923 | D:6      | a troll changed into a sky beast
  2941 | D:6      | Reached skill level 5 in Fighting
  2997 | D:6      | Found a large runed translucent door.
  2998 | D:6      | Found a large runed translucent door.
  3020 | D:6      | Gained mutation: You passively map the area around you.
                  | [Meteoran growth]
  3020 | D:6      | Reached XP level 9. HP: 63/74 MP: 13/13
  3151 | D:6      | Reached skill level 7 in Unarmed Combat
  3188 | D:7      | Noticed a cyclops
  3204 | D:7      | Killed a cyclops
  3423 | D:7      | Reached *** piety under Fedhas
  3460 | D:7      | Reached XP level 10. HP: 44/81 MP: 15/15
  3531 | D:7      | Noticed Joseph
  3601 | D:6      | Found an ancient bone altar of Kikubaaqudgha.
  3623 | D:6      | Reached skill level 5 in Air Magic
  3634 | D:6      | Reached skill level 8 in Unarmed Combat
  3955 | D:7      | Reached skill level 5 in Invocations
  4178 | D:7      | Found a runed translucent gate.
  4179 | D:7      | Found a runed translucent gate.
  4179 | D:7      | Found a runed translucent gate.
  4181 | D:7      | Noticed Notanamesir's ghost (novice DjGl)
  4221 | D:7      | Glimpsed the power of Zot.
  4555 | D:9      | Noticed a two-headed ogre
  4605 | D:9      | Killed a two-headed ogre
  4606 | D:9      | Reached skill level 5 in Stealth
  4666 | D:9      | Learned a level 3 spell: Ignite Poison
  4671 | D:9      | Learned a level 4 spell: Sticky Flame
  4709 | D:10     | Entered Level 10 of the Dungeon
  4720 | D:10     | Reached **** piety under Fedhas
  4727 | D:10     | Reached skill level 1 in Fire Magic
  4735 | D:10     | Reached XP level 11. HP: 44/89 MP: 18/18
  4930 | D:9      | Found a shimmering blue altar of Sif Muna.
  5169 | D:10     | Reached skill level 9 in Unarmed Combat
  5197 | D:10     | Found a staircase to the Orcish Mines.
  5200 | D:10     | Killed by an exploding orc... ignited by their inner flame

Illustrated notes

Levels and vault maps discovered:
D:1:      scummos_arrival_star, layout_basic
D:2:      minmay_general_purpose_star, layout_basic, minivault_14, uniq_natasha
D:3:      layout_rooms, mainiacjoe_overflow_brackets,
          ebering_ecumenical_altar_ruins
D:4:      layout_basic, nicolae_grassy_gnolls, uniq_duvessa
D:5:      layout_gridville, corexii_corridor_pit, minmay_manual_mail,
          uniq_prince_ribbit1, uniq_menkaure
D:6:      layout_rooms, lemuel_mausoleum_altar_kikubaaqudgha,
          amcnicky_altar_gilded, mainiacjoe_overflow_catch_the_wave,
          minmay_temple_entry_statues_fountains, serial_shops,
          nicolae_shop_crystal, lightli_ossuary_entry_decrepit_ruins,
          minmay_misc_feat_roman, minmay_hollow_rounded_squares,
          uniq_crazy_yiuf_cottage
D:7:      nzn_winding_woodlands_small [nzn_winding_woodlands_5x15_garden,
          nzn_winding_woodlands_center_lodge, nzn_winding_woodlands_5x15_cabin],
          layout_basic, gammafunk_ghost_split, uniq_joseph
D:8:      layout_layer_cave
D:9:      layout_loops_ring, kennysheep_mini
D:10:     minmay_thinvault, layout_long_grid, david_orc_2, worms_lemuel
Temple:   eino_temple_scatter_basement

Skill      XL: |  1  2  3  4  5  6  7  8  9 10 11 |
---------------+----------------------------------+-----
Dodging        | 4 5 6 |  6.7
Unarmed Combat | 4 5 6 7 8 9 |  9.0
Stealth        | 2 3 4 5 |  5.1
Fighting       | 4 5 6 |  6.1
Armour         | 1 2 3 4 |  4.9
Air Magic      | 2 3 4 6 |  6.3
Poison Magic   | 1 2 3 4 |  4.7
Spellcasting   | 1 2 3 4 |  4.3
Invocations    | 2 4 6 |  6.5
Necromancy     | 1 2 3 |  3.0
Fire Magic     | 1 |  1.8

Action                     |  1- 3 |  4- 6 |  7- 9 | 10-12 || total
---------------------------+-------+-------+-------+-------++-------
  Melee: Unarmed           |    68 |   147 |   356 |   234 ||   805
         Punch             |     2 |     5 |    22 |    20 ||    49
  Throw: Dart              |       |       |    11 |       ||    11
   Cast: Cigotuvi's Dreadf |       |       |       |     5 ||     5
 Invoke: Wall of Briars    |       |       |     1 |     2 ||     3
         Grow Ballistomyce |       |       |       |     2 ||     2
  Evoke: Wand              |       |     2 |     9 |     3 ||    14
         Phantom mirror    |       |       |       |     1 ||     1
    Use: Potion            |       |     5 |     5 |     1 ||    11
         Scroll            |       |       |     4 |     5 ||     9
   Stab: Confused          |       |       |       |     1 ||     1
         Sleeping          |       |       |       |     1 ||     1
 Armour: Robe              |     8 |     5 |     2 |       ||    15
         Scale mail        |       |    36 |       |       ||    36
         Leather armour    |       |       |   106 |    84 ||   190
         Skin              |       |       |     1 |       ||     1
  Dodge: Dodged            |    39 |    54 |   187 |   173 ||   453

Table legend: (Time is in decaauts)
 A = Elapsed time spent in this place.
 B = Non-inter-level travel time spent in this place.
 C = Inter-level travel time spent in this place.
 D = Time resting spent in this place.
 E = Time spent auto-exploring this place.
 F = Levels seen in this place.
 G = Mean time per level.
                   A        B        C        D        E       F      G
               +--------+--------+--------+--------+--------+-----+--------+
         Total |   5138 |   4772 |    366 |    532 |    928 |  11 |  467.1 |
       Dungeon |   5057 |   4723 |    334 |    532 |    897 |  10 |  505.7 |
        Temple |     80 |     49 |     31 |      0 |     31 |   1 |   80.0 |
               +--------+--------+--------+--------+--------+-----+--------+

Top non-repeatable levels by time:
     D:6: 1273 daAuts
     D:4: 848 daAuts
     D:7: 679 daAuts
     D:9: 488 daAuts
     D:1: 423 daAuts
     D:2: 371 daAuts
     D:3: 314 daAuts
     D:8: 295 daAuts
     D:5: 208 daAuts
    D:10: 153 daAuts
  Temple: 80 daAuts
